PL
NORTHERN VIRGINIA RETRIEVERS @ PANAMA CITY PIRANHAS
08/28/2025
 
TOP OF THE 1ST
Northern Virginia Retrievers batting - Pitching for Panama City Piranhas : LHP Pedro Alejándrez
Pitching: LHP Pedro Alejándrez
Batting: RHB Luis Rodríguez 0-0: Ball
1-0: Foul Ball, location: 2F
1-1: Fly out, F2 (Popup, 13S)
Batting: RHB Brett Callison 0-0: Ball
1-0: Ball
2-0: Foul Ball, location: 2F
2-1: DOUBLE (Line Drive, 8LD)
Batting: RHB Shohei Kiyomizu 0-0: Foul Ball, location: 2F
0-1: Ball
Brett Callison steals 3rd base
1-1: Ground out 4-3 (Groundball, 4M)
Brett Callison scores
Batting: RHB Ju-chan Pak 0-0: Called Strike
0-1: Fly out, F2 (Popup, 2R)
Top of the 1st over - 1 run(s), 1 hit(s), 0 error(s), 0 left on base; Northern Virginia 1 - Panama City 0
BOTTOM OF THE 1ST
Panama City Piranhas batting - Pitching for Northern Virginia Retrievers : RHP Lou Hartling
Pitching: RHP Lou Hartling
Batting: RHB Armando Alvarado 0-0: Ball
1-0: Foul Ball, location: 2F
1-1: Called Strike
1-2: Ball
2-2: Ball
3-2: Foul Ball, location: 2F
3-2: SINGLE (Line Drive, 7S)
Batting: RHB Tim Barnes 0-0: Called Strike
0-1: Foul Ball, location: 2F
0-2: Ball
1-2: Strikes out swinging
Batting: LHB Herman Hayes 0-0: Foul Ball, location: 2F
0-1: Ball
1-1: SINGLE (Flyball, 8LS)
Armando Alvarado to second
Batting: LHB Sergio Muńóz 0-0: SINGLE (Groundball, 34S) (infield hit)
Armando Alvarado to third
Herman Hayes to second
Batting: LHB Francisco Sánchez 0-0: Ball
1-0: Called Strike
1-1: Called Strike
1-2: Ball
2-2: Strikes out swinging
Batting: RHB Baldomero Avino 0-0: Ball
1-0: Foul Ball, location: 2F
1-1: Ball
2-1: Fielders Choice at 2nd, 6-4 (Groundball, 6)
Bottom of the 1st over - 0 run(s), 3 hit(s), 0 error(s), 2 left on base; Northern Virginia 1 - Panama City 0
TOP OF THE 2ND
Northern Virginia Retrievers batting - Pitching for Panama City Piranhas : LHP Pedro Alejándrez
Batting: LHB Roberto Sánchez 0-0: Ball
1-0: Ball
2-0: Foul Ball, location: 2F
2-1: Ground out 4-3 (Groundball, 4)
Batting: RHB Mike Lyon 0-0: Called Strike
0-1: Foul Ball, location: 2F
0-2: Strikes out looking
Batting: RHB Gil Moore 0-0: Ball
1-0: Ball
2-0: Ball
3-0: Called Strike
3-1: Fly out, F9 (Flyball, 9S)
Top of the 2nd over - 0 run(s), 0 hit(s), 0 error(s), 0 left on base; Northern Virginia 1 - Panama City 0
BOTTOM OF THE 2ND
Panama City Piranhas batting - Pitching for Northern Virginia Retrievers : RHP Lou Hartling
Batting: RHB Luis Alomar 0-0: Foul Ball, location: 2F
0-1: Foul Ball, location: 2F
0-2: Ball
1-2: Ground out 6-3 (Groundball, 6)
Batting: LHB Robert Adams 0-0: Called Strike
0-1: Fly out, F5 (Popup, 5L)
Batting: LHB Steve Cunningham 0-0: Foul Ball, location: 2F
0-1: Called Strike
0-2: Strikes out swinging
Bottom of the 2nd over - 0 run(s), 0 hit(s), 0 error(s), 0 left on base; Northern Virginia 1 - Panama City 0
TOP OF THE 3RD
Northern Virginia Retrievers batting - Pitching for Panama City Piranhas : LHP Pedro Alejándrez
Batting: RHB Bob Heller 0-0: Ball
1-0: Foul Ball, location: 2F
1-1: Ball
2-1: Foul Ball, location: 2F
2-2: Reached on error, E2 (Popup, 2R)
Batting: RHB Joaquín Parra 0-0: Swinging Strike
0-1: Swinging Strike
0-2: Ball
1-2: Strikes out looking
Batting: RHB Luis Rodríguez 0-0: Called Strike
0-1: Ball
1-1: Foul Ball, location: 2F
1-2: Strikes out swinging
Batting: RHB Brett Callison 0-0: Called Strike
0-1: Called Strike
0-2: Strikes out swinging
Top of the 3rd over - 0 run(s), 0 hit(s), 1 error(s), 1 left on base; Northern Virginia 1 - Panama City 0
BOTTOM OF THE 3RD
Panama City Piranhas batting - Pitching for Northern Virginia Retrievers : RHP Lou Hartling
Batting: RHB Armando Alvarado 0-0: Fly out, F9 (Flyball, 9LS)
Batting: RHB Tim Barnes 0-0: Foul Ball, location: 2F
0-1: Swinging Strike
0-2: Ball
1-2: Strikes out swinging
Batting: LHB Herman Hayes 0-0: Swinging Strike
0-1: Called Strike
0-2: Foul Ball, location: 2F
0-2: Ball
1-2: Ball
2-2: Ball
3-2: SOLO HOME RUN (Flyball, 9LD), Distance : 339 ft
Batting: LHB Sergio Muńóz 0-0: Ball
1-0: Fly out, F7 (Flyball, 78S)
Bottom of the 3rd over - 1 run(s), 1 hit(s), 0 error(s), 0 left on base; Northern Virginia 1 - Panama City 1
TOP OF THE 4TH
Northern Virginia Retrievers batting - Pitching for Panama City Piranhas : LHP Pedro Alejándrez
Batting: RHB Shohei Kiyomizu 0-0: Foul Ball, location: 2F
0-1: Called Strike
0-2: Strikes out looking
Batting: RHB Ju-chan Pak 0-0: Called Strike
0-1: Called Strike
0-2: Fly out, F9 (Flyball, 9LS)
Batting: LHB Roberto Sánchez 0-0: Called Strike
0-1: Foul Ball, location: 2F
0-2: Ground out 4-3 (Groundball, 4)
Top of the 4th over - 0 run(s), 0 hit(s), 0 error(s), 0 left on base; Northern Virginia 1 - Panama City 1
BOTTOM OF THE 4TH
Panama City Piranhas batting - Pitching for Northern Virginia Retrievers : RHP Lou Hartling
Batting: LHB Francisco Sánchez 0-0: Ball
1-0: Ball
2-0: Foul Ball, location: 2F
2-1: SINGLE (Line Drive, 34)
Batting: RHB Baldomero Avino 0-0: Ball
1-0: Ball
2-0: Foul Ball, location: 2F
2-1: Swinging Strike
2-2: Grounds into double play, 6-4-3 (Groundball, 6)
Batting: RHB Luis Alomar 0-0: Ball
1-0: Ball
2-0: DOUBLE (Groundball, 5L)
Batting: LHB Robert Adams 0-0: Ball
1-0: Ball
2-0: SINGLE (Flyball, 89S)
Luis Alomar to third
Runner from 3rd tries for Home, SAFE, no throw
Batting: LHB Steve Cunningham 0-0: Foul Ball, location: 2F
0-1: Called Strike
0-2: Ball
1-2: Foul Ball, location: 2F
1-2: Ball
Wild Pitch!
Robert Adams to second
2-2: Ground out 6-3 (Groundball, 6)
Bottom of the 4th over - 1 run(s), 3 hit(s), 0 error(s), 1 left on base; Northern Virginia 1 - Panama City 2
TOP OF THE 5TH
Northern Virginia Retrievers batting - Pitching for Panama City Piranhas : LHP Pedro Alejándrez
Batting: RHB Mike Lyon 0-0: Called Strike
0-1: Ball
1-1: SINGLE (Line Drive, 5D)
Batting: RHB Gil Moore 0-0: Called Strike
0-1: Called Strike
0-2: Ball
1-2: Foul Ball, location: 2F
1-2: 2-RUN HOME RUN (Flyball, 7D), Distance : 354 ft
Batting: RHB Bob Heller 0-0: Foul Ball, location: 2F
0-1: Ball
1-1: Ball
2-1: Ball
3-1: Swinging Strike
3-2: Strikes out swinging
Batting: RHB Joaquín Parra 0-0: Ball
1-0: Foul Ball, location: 2F
1-1: Ball
2-1: Ground out 5-3 (Groundball, 5S)
Batting: RHB Luis Rodríguez 0-0: Ball
1-0: Ball
2-0: Ground out 4-3 (Groundball, 4S)
Top of the 5th over - 2 run(s), 2 hit(s), 0 error(s), 0 left on base; Northern Virginia 3 - Panama City 2
BOTTOM OF THE 5TH
Panama City Piranhas batting - Pitching for Northern Virginia Retrievers : RHP Lou Hartling
Batting: RHB Armando Alvarado 0-0: Ball
1-0: Ball
2-0: Ball
3-0: Called Strike
3-1: Foul Ball, location: 2F
3-2: Fly out, F6 (Line Drive, 6)
Batting: RHB Tim Barnes 0-0: Ground out 6-3 (Groundball, 6)
Batting: LHB Herman Hayes 0-0: Fly out, F8 (Line Drive, 8RM)
Bottom of the 5th over - 0 run(s), 0 hit(s), 0 error(s), 0 left on base; Northern Virginia 3 - Panama City 2
TOP OF THE 6TH
Northern Virginia Retrievers batting - Pitching for Panama City Piranhas : LHP Pedro Alejándrez
Batting: RHB Brett Callison 0-0: Ball
1-0: SINGLE (Flyball, 78S)
Batting: RHB Shohei Kiyomizu 0-0: Ball
1-0: Called Strike
1-1: Grounds into double play, 6-4-3 (Groundball, 6)
Batting: RHB Ju-chan Pak 0-0: SINGLE (Line Drive, 7S)
Batting: LHB Roberto Sánchez 0-0: Ball
1-0: Ball
2-0: Ball
3-0: Fly out, F6 (Popup, 6D)
Top of the 6th over - 0 run(s), 2 hit(s), 0 error(s), 1 left on base; Northern Virginia 3 - Panama City 2
BOTTOM OF THE 6TH
Panama City Piranhas batting - Pitching for Northern Virginia Retrievers : RHP Lou Hartling
Batting: LHB Sergio Muńóz 0-0: Called Strike
0-1: Ball
1-1: Ball
2-1: Foul Ball, location: 2F
2-2: Strikes out looking
Batting: LHB Francisco Sánchez 0-0: Ball
1-0: Fly out, F8 (Flyball, 89M)
Batting: RHB Baldomero Avino 0-0: Ball
1-0: Foul Ball, location: 2F
1-1: Ball
2-1: SINGLE (Groundball, 56D)
Batting: RHB Luis Alomar 0-0: Foul Ball, location: 2F
0-1: Ball
1-1: Ball
2-1: SINGLE (Groundball, 56S) (infield hit)
Baldomero Avino to second
Batting: LHB Robert Adams 0-0: Called Strike
0-1: 3-RUN HOME RUN (Flyball, 9LD), Distance : 350 ft
Batting: LHB Steve Cunningham 0-0: Fly out, F7 (Flyball, 7S)
Bottom of the 6th over - 3 run(s), 3 hit(s), 0 error(s), 0 left on base; Northern Virginia 3 - Panama City 5
TOP OF THE 7TH
Northern Virginia Retrievers batting - Pitching for Panama City Piranhas : LHP Pedro Alejándrez
Now at C: Jorge González
Now in CF: Marc Talamante
Batting: RHB Mike Lyon 0-0: Called Strike
0-1: Called Strike
0-2: Strikes out swinging
Batting: RHB Gil Moore 0-0: Ball
1-0: Ball
2-0: Called Strike
2-1: Foul Ball, location: 2F
2-2: Strikes out swinging
Batting: RHB Bob Heller 0-0: Ball
1-0: Ground out 6-3 (Groundball, 6)
Top of the 7th over - 0 run(s), 0 hit(s), 0 error(s), 0 left on base; Northern Virginia 3 - Panama City 5
BOTTOM OF THE 7TH
Panama City Piranhas batting - Pitching for Northern Virginia Retrievers : RHP Lou Hartling
Batting: RHB Armando Alvarado 0-0: Swinging Strike
0-1: Ball
1-1: Ball
2-1: Swinging Strike
2-2: Foul Ball, location: 2F
2-2: SINGLE (Groundball, 4MD)
Pitching: LHP Ilie Paunescu
Batting: RHB Tim Barnes 0-0: Called Strike
0-1: Ball
1-1: Called Strike
1-2: Ground out 5-3 (Groundball, 56S)
Armando Alvarado to second
Batting: LHB Herman Hayes 0-0: Ball
1-0: Called Strike
1-1: Ball
2-1: Ball
3-1: Base on Balls
Batting: LHB Sergio Muńóz 0-0: Ball
1-0: Swinging Strike
1-1: Ball
2-1: Called Strike
2-2: Foul Ball, location: 2F
2-2: Ball
3-2: Base on Balls
Armando Alvarado to third
Herman Hayes to second
Batting: LHB Francisco Sánchez 0-0: Called Strike
0-1: Foul Ball, location: 2F
0-2: Ball
1-2: Foul Ball, location: 2F
1-2: Ball
2-2: Foul Ball, location: 2F
2-2: Strikes out looking
Batting: RHB Baldomero Avino 0-0: Ball
1-0: SINGLE (Line Drive, 7LS)
Armando Alvarado scores
Herman Hayes to third
Sergio Muńóz to second
Batting: RHB Luis Alomar 0-0: Ground out 5-3 (Groundball, 56S)
Bottom of the 7th over - 1 run(s), 2 hit(s), 0 error(s), 3 left on base; Northern Virginia 3 - Panama City 6
TOP OF THE 8TH
Northern Virginia Retrievers batting - Pitching for Panama City Piranhas : LHP Pedro Alejándrez
Batting: RHB Joaquín Parra 0-0: Ball
1-0: Ball
2-0: Fly out, F8 (Flyball, 8RM)
Batting: RHB Luis Rodríguez 0-0: Foul Ball, location: 2F
0-1: Ball
1-1: Called Strike
1-2: Foul Ball, location: 2F
1-2: Strikes out looking
Batting: RHB Brett Callison 0-0: Called Strike
0-1: Fly out, F8 (Flyball, 8RS)
Top of the 8th over - 0 run(s), 0 hit(s), 0 error(s), 0 left on base; Northern Virginia 3 - Panama City 6
BOTTOM OF THE 8TH
Panama City Piranhas batting - Pitching for Northern Virginia Retrievers : LHP Ilie Paunescu
Batting: SHB Marc Talamante 0-0: Foul Ball, location: 2F
0-1: Foul Ball, location: 2F
0-2: Strikes out swinging
Batting: SHB Jorge González 0-0: Ball
1-0: SINGLE (Groundball, 6MD)
Batting: RHB Armando Alvarado 0-0: Ball
1-0: Foul Ball, location: 2F
1-1: Called Strike
1-2: Ball
2-2: Foul Ball, location: 2F
2-2: 2-RUN HOME RUN (Flyball, 78XD), Distance : 411 ft
Batting: RHB Tim Barnes 0-0: Ball
1-0: Foul Ball, location: 2F
1-1: Ball
2-1: Swinging Strike
2-2: Foul Ball, location: 2F
2-2: Ball
3-2: Base on Balls
Batting: LHB Herman Hayes 0-0: Ball
1-0: Called Strike
1-1: Foul Ball, location: 2F
1-2: Ball
2-2: Ball
3-2: Foul Ball, location: 2F
3-2: DOUBLE (Flyball, 8RXD)
Tim Barnes to third
Batting: LHB Sergio Muńóz 0-0: Ball
1-0: DOUBLE (Line Drive, 7D)
Tim Barnes scores
Herman Hayes scores
Pitching: RHP Ben Logan
Batting: LHB Francisco Sánchez 0-0: Called Strike
0-1: Ground out 4-3 (Groundball, 4)
Sergio Muńóz to third
Batting: RHB Baldomero Avino 0-0: Called Strike
0-1: Ball
1-1: Ball
2-1: Swinging Strike
2-2: Ball
3-2: Base on Balls
Batting: RHB Luis Alomar 0-0: Fly out, F9 (Line Drive, 89M)
Bottom of the 8th over - 4 run(s), 4 hit(s), 0 error(s), 2 left on base; Northern Virginia 3 - Panama City 10
TOP OF THE 9TH
Northern Virginia Retrievers batting - Pitching for Panama City Piranhas : LHP Pedro Alejándrez
Batting: RHB Shohei Kiyomizu 0-0: Foul Ball, location: 2F
0-1: Swinging Strike
0-2: Foul Ball, location: 2F
0-2: Foul Ball, location: 2F
0-2: Ball
1-2: Ground out 4-3 (Groundball, 4S)
Batting: RHB Ju-chan Pak 0-0: Called Strike
0-1: Foul Ball, location: 2F
0-2: Strikes out swinging
Batting: LHB Roberto Sánchez 0-0: Foul Ball, location: 2F
0-1: Ball
1-1: Ball
2-1: Foul Ball, location: 2F
2-2: Strikes out swinging
Top of the 9th over - 0 run(s), 0 hit(s), 0 error(s), 0 left on base; Northern Virginia 3 - Panama City 10
Friday, December 30th, 2016 - OOTP Baseball 17.12 Build 75